 Dungeon Crawl Stone Soup version 0.30-a0-1112-gfb780f5df6 (webtiles) character file.

Game seed: 14086667049349907290

126 voltaire321 the Trooper (level 4, -2/41 HPs)
             Began as a Minotaur Fighter on Apr 19, 2023.
             Slain by an ice beast (10 damage)
             ... on level 4 of the Dungeon.
             The game lasted 00:04:36 (2400 turns).

voltaire321 the Trooper (Minotaur Fighter)          Turns: 2400, Time: 00:04:37

Health: -2/41      AC:  8    Str: 22    XL:     4   Next: 84%
Magic:  3/3        EV: 10    Int:  5    God:
Gold:   260        SH:  4    Dex: 10    Spells: 3/3 levels left

rFire   . . .      SeeInvis .    a - +0 war axe
rCold   . . .      Faith    .    c - +0 buckler
rNeg    . . .      Spirit   .    b - +0 scale mail
rPois   .          Reflect  .    (helmet restricted)
rElec   .          Rampage  .    (no cloak)
rCorr   .                        (no gloves)
Will    .....                    l - +0 pair of boots Stlth
                                 (no amulet)
HPRegen 0.26/turn                (no ring)
MPRegen 0.08/turn                (no ring)

@: no status effects
A: horns 2, retaliatory headbutt
a: no special abilities


You were on level 4 of the Dungeon.
You visited 1 branch of the dungeon, and saw 4 of its levels.

You collected 260 gold pieces.

Inventory:

Hand Weapons
 a - a +0 war axe (weapon)
Missiles
 e - 5 javelins (quivered)
 g - 4 poisoned darts
 u - 2 curare-tipped darts
Armour
 b - a +0 scale mail (worn)
 c - a +0 buckler (worn)
 l - a +0 pair of boots (worn)
Jewellery
 t - a +5 ring of evasion
Scrolls
 f - 4 scrolls of identify {unknown}
 j - a scroll of poison {unknown}
 m - 2 scrolls of magic mapping {unknown}
 p - a scroll of summoning {unknown}
 q - 3 scrolls of blinking {unknown}
 r - 3 scrolls of fear {unknown}
 s - 2 scrolls of teleportation {unknown}
 v - a scroll of enchant weapon {unknown}
Potions
 d - a potion of might
 h - a potion of curing {unknown}
 i - 2 potions of degeneration {unknown}
 k - 3 potions of brilliance {unknown}
 n - a potion of heal wounds {unknown}
 o - a potion of flight {unknown}


   Skills:
 + Level 4.4 Fighting
 + Level 3.4 Axes
 + Level 4.4 Armour
 + Level 2.0 Dodging
 + Level 4.4 Shields


You had 3 spell levels left.
You didn't know any spells.
Your spell library contained the following spells:

 Spells                   Type           Power      Damage    Failure   Level
 Freeze                   Ice            0%         1d3       87%         1
 Frozen Ramparts          Ice            0%         1d1       99%         3
 Hailstorm                Conj/Ice       0%         3d3       99%         3
 Manifold Assault         Tloc           0%         N/A       100%        4
 Dispersal                Tloc           0%         N/A       100%        6
 Disjunction              Tloc           0%         N/A       100%        8


Dungeon Overview and Level Annotations

Branches:
Dungeon (4/15)
 Temple: D:4-7

Altars:
Fedhas
Okawaru
Trog

Annotations:
D:4 3 runed translucent doors, Aneyh's ghost, amateur TeFi


Innate Abilities, Weirdness & Mutations

You have a pair of horns on your head.
You reflexively headbutt those who attack you in melee.


Message History

You hit the goblin.
You kill the goblin!
You see here a +0 club.
You see here a ball python corpse.
v - a scroll labelled CEKLUGATOTH You see here a ball python corpse.
You see here a +0 club.
You now have 260 gold pieces (gained 9).
Found a mace.
You pick up a book of Frost and begin reading...
You add the spells Freeze, Frozen Ramparts and Hailstorm to your library.
You see here a +0 mace.
An ice beast comes into view.
Found a scroll labelled TARRYUMAMY.
You barely miss the ice beast. The ice beast closely misses you.
The ice beast barely misses you.
You slash the ice beast!
The ice beast is heavily wounded.
You block the ice beast's attack.
You barely miss the ice beast.
The ice beast is heavily wounded.
You block the ice beast's attack. The ice beast hits you.
The ice beast freezes you.
You barely miss the ice beast. You headbutt the ice beast.
The ice beast is severely wounded.
The ice beast hits you. The ice beast freezes you!
You hit the ice beast but do no damage. Your headbutt misses the ice beast.
The ice beast is severely wounded.
The ice beast hits you. The ice beast freezes you!
* * * LOW HITPOINT WARNING * * *
The ice beast hits you but does no damage.
You hit the ice beast.
The ice beast is almost dead.
The ice beast hits you but does no damage.
You hit the ice beast but do no damage.
The ice beast is almost dead.
The ice beast hits you.
* * * LOW HITPOINT WARNING * * *
The ice beast freezes you!
You die...

## ##. . ..?
#.##.## #.#...## ##
#...... +. #.#...
## ##...Y####
#....@...#
#.##.###.# #. #.#
#+# #.###.#### #.#
#........# #.######
#####.##.###.##....
#.##.##...#.###
#.##.#......###
..##.##...#.##.


You could see an ice beast.

Vanquished Creatures
  4 adders
  A worm (D:2)
  6 orcs
  7 ball pythons
  7 endoplasms
  2 giant cockroaches
  5 goblins
  8 hobgoblins
  6 jackals
  7 kobolds
  4 quokkas
  7 bats
  A frilled lizard (D:1)
  8 rats
73 creatures vanquished.

Vanquished Creatures (others)
  2 plants (D:4)
2 creatures vanquished.

Grand Total: 75 creatures vanquished

Notes
Turn   | Place    | Note
-------+----------+-------------------------------------------
     0 | D:1      | voltaire321 the Minotaur Fighter began the quest for the
                  | Orb.
     0 | D:1      | Reached XP level 1. HP: 19/19 MP: 0/0
   200 | D:1      | Reached XP level 2. HP: 27/27 MP: 1/1
   386 | D:1      | Reached skill level 1 in Dodging
   716 | D:2      | Reached XP level 3. HP: 33/33 MP: 2/2
  1048 | D:2      | Found a faded altar of an unknown god.
  1420 | D:3      | Reached XP level 4. HP: 35/40 MP: 3/3
  1935 | D:3      | Found a faded altar of an unknown god.
  1941 | D:3      | Found a bloodstained altar of Trog.
  2000 | D:4      | Noticed Aneyh's ghost (amateur TeFi)
  2000 | D:4      | Found a runed translucent gate.
  2000 | D:4      | Found a runed translucent gate.
  2000 | D:4      | Found a runed translucent gate.
  2065 | D:4      | Found an iron altar of Okawaru.
  2129 | D:4      | Found a blossoming altar of Fedhas.
  2392 | D:4      | Noticed an ice beast
  2400 | D:4      | Slain by an ice beast

Illustrated notes

Levels and vault maps discovered:
D:1:      psy_arrival_whirlpool, layout_loops_cross, minmay_misc_feat_plants
D:2:      minmay_general_purpose_star, layout_basic, basic_ecumenical_altar
D:3:      layout_loops_ring, nicolae_overflow_ecumenical_swirl
D:4:      layout_loops_corners, general_overflow_altar, fedhas_ov_isle_minmay,
          kennysheep_mini_moat, gammafunk_ghost_cemetery

Skill      XL: |  1  2  3  4 |
---------------+-------------+-----
Dodging        | 1 2 |  2.0
Armour         | 4 |  4.4
Shields        | 4 |  4.4
Fighting       | 4 |  4.4
Axes           | 3 |  3.4

Action                     |  1- 3 |  4- 6 || total
---------------------------+-------+-------++-------
  Melee: War axe           |   103 |    53 ||   156
         Headbutt          |    19 |     5 ||    24
 Armour: Scale mail        |    56 |    25 ||    81
  Dodge: Dodged            |    51 |    27 ||    78
  Block: Buckler           |    21 |    13 ||    34

Table legend: (Time is in decaauts)
 A = Elapsed time spent in this place.
 B = Non-inter-level travel time spent in this place.
 C = Inter-level travel time spent in this place.
 D = Time resting spent in this place.
 E = Time spent auto-exploring this place.
 F = Levels seen in this place.
 G = Mean time per level.
                   A        B        C        D        E       F      G
               +--------+--------+--------+--------+--------+-----+--------+
         Total |   2461 |   2376 |     85 |      0 |   1760 |   4 |  615.2 |
       Dungeon |   2461 |   2376 |     85 |      0 |   1760 |   4 |  615.2 |
               +--------+--------+--------+--------+--------+-----+--------+

Top non-repeatable levels by time:
     D:3: 714 daAuts
     D:2: 701 daAuts
     D:1: 638 daAuts
     D:4: 407 daAuts
